 Dungeon Crawl Stone Soup version 0.22.1-1-ga44c0e5 (webtiles) character file.

226 bloo the Conjurer (level 5, -2/28 HPs)
             Began as a Deep Elf Conjurer on Oct 1, 2018.
             Slain by Edmund
             ... wielding a +0 dire flail of holy wrath
              (11 damage)
             ... on level 3 of the Dungeon.
             The game lasted 00:30:28 (4832 turns).

bloo the Conjurer (Deep Elf Conjurer)               Turns: 4832, Time: 00:30:29

Health: -2/28      AC:  3    Str:  6      XL:     5   Next: 69%
Magic:  4/11       EV: 13    Int: 19 (20) God:
Gold:   208        SH:  0    Dex: 14 (15) Spells: 4/10 levels left

rFire    . . .     SeeInvis .   v - staff of cold
rCold    + . .     Gourm    .   (no shield)
rNeg     . . .     Faith    .   a - +0 robe
rPois    .         Spirit   .   (no helmet)
rElec    .         Reflect  .   s - +0 cloak
rCorr    .         Harm     .   (no gloves)
MR       .....                  (no boots)
Stlth    ++........             b - amulet of rage
HPRegen  0.09/turn              (no ring)
MPRegen  0.12/turn              (no ring)

@: no status effects
A: no striking features
a: Evoke Berserk Rage


You were on level 3 of the Dungeon.
You were near starving.

You visited 1 branch of the dungeon, and saw 6 of its levels.

You collected 208 gold pieces.

Inventory:

Hand Weapons
 k - a +0 short sword
 t - a +2 quarterstaff of chaos
Armour
 a - a +0 robe (worn)
 s - a +0 cloak (worn)
Magical Staves
 v - an uncursed staff of cold (weapon)
Jewellery
 b - an amulet of rage (around neck)
 l - a cursed amulet of inaccuracy {unknown}
 o - an uncursed amulet of faith {unknown}
Wands
 w - a wand of scattershot (6)
Scrolls
 d - 2 scrolls of remove curse
 h - a scroll of enchant armour {unknown}
 i - a scroll of blinking {unknown}
 j - a scroll of identify
 m - a scroll of fear {unknown}
 p - 2 scrolls of teleportation
 q - a scroll of fog
 y - a scroll of enchant weapon {unknown}
Potions
 e - 2 potions of curing
 f - 2 potions of heal wounds {unknown}
 g - a potion of brilliance
 n - a potion of degeneration
 r - a potion of invisibility {unknown}
 u - a potion of flight {unknown}
 x - a potion of haste {unknown}
 z - a potion of might {unknown}
Comestibles
 c - 4 rations


   Skills:
 - Level 0.3 Fighting
 - Level 2.4 Dodging
 - Level 2.4 Stealth
 - Level 3.0 Spellcasting
 + Level 7.6 Conjurations


You had 4 spell levels left.
You knew the following spells:

 Your Spells              Type           Power        Failure   Level  Hunger
a - Magic Dart            Conj           ####         1%          1    None
b - Searing Ray           Conj           ####..       1%          2    ##.....
c - Dazzling Spray        Conj/Hex       ###...       10%         3    ###....

Your spell library contained the following spells:

 Spells                   Type           Power        Failure   Level  Hunger
 Iskenderun's Mystic Bla  Conj           ####....     6%          4    ####...
 Force Lance              Conj/Tloc      ###.....     30%         4    ####...
 Fulminant Prism          Conj/Hex       ###.......   30%         4    ####...


Dungeon Overview and Level Annotations

Branches:
Dungeon (6/15)
 Temple: D:4-7

Altars:
Cheibriados
Elyvilon
Fedhas
Gozag
Kikubaaqudgha
Nemelex Xobeh
Wu Jian
Zin
The Shining One

Annotations:
D:3 Edmund


Message History

Press: ? - help, Shift-Dir - straight line, f/p - Edmund
Aim: Edmund, wielding a dire flail of holy wrath and wearing a glowing leather The magic dart hits Edmund.
Edmund is severely wounded.
Edmund misses you.
Edmund says, "What use are spells, anyway?"
Casting: Magic Dart (safe; 1% risk of failure)
Confirm with . or Enter, or press ? or * to list all spells.
Okay, then.
Edmund misses you.
Edmund says, "I'm quite good with sums, too."
Casting: Magic Dart (safe; 1% risk of failure)
Confirm with . or Enter, or press ? or * to list all spells.
Aiming: Magic Dart (safe; 1% risk of failure)
Press: ? - help, Shift-Dir - straight line, f/p - Edmund
Aim: Edmund, wielding a dire flail of holy wrath and wearing a glowing leather The magic dart hits Edmund.
Edmund is severely wounded.
Edmund hits you with a dire flail of holy wrath!
You die...

.##.#.### #.# ##............##
..#.#...#####.# ##..........##
....#.........## #####(######
.#..#..#####...#########.########
.......# ##.#.......##.........#
.....#.## #......###............#
........###......# ###..........#
...#.....##......# ##.........#
.....#....#.....@# ##.........#
.....##...#....@.# #..........#
.....##....>.....# #..........#
.................# #..........#
.....##..........### #.######..##
####.##...#........###.# ##.#
####.##<#...>....#.....## #.#
##.........#####.####...######.#
.....#..##.# #.# #..#.....##.#


You could see Edmund.

Vanquished Creatures
  A hound (D:5)
  Crazy Yiuf (D:2)
  A hound zombie (D:5)
  4 gnolls (D:3)
  3 adders
  2 worms (D:3)
  2 dart slugs (D:1)
  5 leopard geckos
  4 orcs (D:3)
  5 bats
  2 giant cockroaches (D:3)
  8 goblins
  8 hobgoblins
  3 jackals (D:5)
  15 kobolds
  2 quokkas (D:2)
  A ball python (D:3)
  3 frilled lizards
  4 rats
74 creatures vanquished.

Notes
Turn   | Place    | Note
-------+----------+-------------------------------------------
     0 | D:1      | bloo the Deep Elf Conjurer began the quest for the Orb.
     0 | D:1      | Reached XP level 1. HP: 10/10 MP: 6/6
   225 | D:1      | Reached XP level 2. HP: 15/15 MP: 2/8
   234 | D:1      | Reached skill level 5 in Conjurations
   335 | D:1      | Learned a level 2 spell: Searing Ray
   915 | D:2      | Reached XP level 3. HP: 19/19 MP: 4/9
  1335 | D:2      | Reached skill level 6 in Conjurations
  1402 | D:2      | Found a runed door.
  1736 | D:2      | Reached XP level 4. HP: 24/24 MP: 4/10
  2065 | D:2      | Found a glowing golden altar of the Shining One.
  2065 | D:2      | Found a glowing silver altar of Zin.
  2065 | D:2      | Found a white marble altar of Elyvilon.
  2116 | D:2      | You fall through a shaft for 2 floors!
  2116 | D:4      | Found an ornate altar of the Wu Jian Council.
  2116 | D:4      | Found a sparkling altar of Nemelex Xobeh.
  2116 | D:4      | Found a blossoming altar of Fedhas.
  2257 | D:5      | Entered Level 5 of the Dungeon
  2267 | D:4      | Noticed Edmund
  3039 | D:2      | Noticed Crazy Yiuf
  3044 | D:2      | Killed Crazy Yiuf
  3044 | D:2      | Reached skill level 7 in Conjurations
  3044 | D:2      | Reached XP level 5. HP: 9/28 MP: 7/11
  3348 | D:2      | Learned a level 3 spell: Dazzling Spray
  3875 | D:3      | Found a snail-covered altar of Cheibriados.
  4472 | D:3      | Found an opulent altar of Gozag.
  4564 | D:3      | Found an ancient bone altar of Kikubaaqudgha.
  4832 | D:3      | Slain by Edmund

Skill      XL: |  1  2  3  4 |
---------------+-------------+-----
Conjurations   | 5 6 7 |  7.6
Fighting       | |  0.3
Dodging        | |  2.4
Stealth        | |  2.4
Spellcasting   | |  3.0

Action                   |  1- 3 |  4- 6 || total
-------------------------+-------+-------++-------
Melee: Short sword       |     1 |     6 ||     7
       Staff             |       |     1 ||     1
 Cast: Magic Dart        |    74 |    59 ||   133
       Searing Ray       |     1 |     9 ||    10
       Dazzling Spray    |       |     4 ||     4
  Use: Potion            |     3 |     2 ||     5
       Scroll            |     1 |     3 ||     4
  Eat: Chunk             |     2 |     5 ||     7
       Ration            |       |     1 ||     1
Armor: Robe              |     1 |     5 ||     6
Dodge: Dodged            |    14 |    35 ||    49
